 Dungeon Crawl Stone Soup version 0.19.5 (webtiles) character file.

8399 Jerry the Carver (level 11, -1/87 HPs)
             Began as a Green Draconian Chaos Knight on May 25, 2017.
             Slain by an unseen horror (5 damage)
             ... on level 10 of the Dungeon.
             The game lasted 00:44:50 (11932 turns).

Jerry the Carver (Green Draconian Chaos Knight)    Turns: 11932, Time: 00:44:51

Health: -1/87      AC: 11    Str: 16    XL:     11   Next: 9%
Magic:  11/11      EV: 15    Int: 12    God:    Xom [...*..]
Gold:   498        SH:  3    Dex: 11    Spells: 1 memorised, 8 levels left

rFire  . . .     SeeInvis .     o - +6 scimitar (freeze)
rCold  . . .     Gourm    .     (armour unavailable)
rNeg   . . .     Faith    .     (no shield)
rPois  +         Spirit   .     (helmet restricted)
rElec  .         Reflect  +     x - +1 cloak
rCorr  .         Harm     .     e - +0 pair of gloves
MR     .....                    A - +0 pair of boots
Stlth  +++.......               n - +3 amulet of reflection
                                (no ring)
                                (no ring)

@: slowed, very slow
A: breathe noxious fumes, unfitting armour, talons 1, clumsy 1, frail 1, poison
resistance, screaming 1, cold-blooded, AC +7
a: Breathe Noxious Fumes, Renounce Religion


You were on level 10 of the Dungeon.
You worshipped Xom.
You were a favourite toy of Xom.
You were hungry.

You visited 1 branch of the dungeon, and saw 10 of its levels.

You collected 498 gold pieces.

Inventory:

Hand Weapons
 o - a +6 scimitar of freezing (weapon)
 y - a +3 dagger of venom
Armour
 e - a +0 pair of gloves (worn)
 x - a +1 cloak (worn)
 A - a +0 pair of boots (worn)
Jewellery
 n - a +3 amulet of reflection (around neck)
Wands
 f - a wand of slowing (16/48)
 l - a wand of flame (0/48)
 q - a wand of acid (14/15)
 u - a wand of lightning (10/15)
 F - a wand of iceblast (3/15)
 H - a wand of paralysis (12/24)
Scrolls
 g - 5 scrolls of remove curse
 i - 4 scrolls of teleportation
 k - a scroll of magic mapping
 D - 2 scrolls of identify
Potions
 a - a potion of cancellation {unknown}
 h - 2 potions of resistance
 j - a potion of flight
 m - 6 potions of curing
 p - a potion of degeneration
 r - 2 potions of haste
 v - a potion of magic
 w - 3 potions of brilliance
 z - a potion of invisibility
 B - 2 potions of heal wounds
 E - 3 potions of lignification
Books
 d - a book of Changes

   Spells                             Type                      Level
   a - Beastly Appendage              Transmutation                1
   b - Sticks to Snakes               Transmutation                2
   c - Spider Form                    Transmutation/Poison         3
   d - Ice Form                       Ice/Transmutation            4
   e - Blade Hands                    Transmutation                5
Miscellaneous
 t - a fan of gales
Comestibles
 b - 11 bread rations
 c - 6 meat rations
 G - 5 beef jerkies


   Skills:
 + Level 9.2 Fighting
 * Level 11.6 Long Blades
 + Level 7.5 Dodging
 + Level 6.7 Stealth


You had 8 spell levels left.
You knew the following spells:

 Your Spells              Type           Power        Failure   Level  Hunger
a - Repel Missiles        Chrm/Air       #.....       52%         2    ###....


Dungeon Overview and Level Annotations

Branches:
Dungeon (10/15)            Temple (0/1) D:6
   Lair: D:8-11         Orc: D:9-12

Altars:
Dithmenos
Gozag
Uskayaw
Vehumet
Xom
Yredelemnul
Zin

Shops:
D:5 %

Annotations:
D:10 Peloso's ghost, journeyman MiFi; Sonja


Innate Abilities, Weirdness & Mutations

You can breathe blasts of noxious fumes.
Your lurid green scales are hard. (AC +7)
You cannot fit into any form of body armour.
Your system is resistant to poisons. (rPois)
You are cold-blooded and may be slowed by cold attacks.
You have sharp toenails.
You are clumsy. (Dex -2)
You are frail. (-10% HP)
You occasionally shout uncontrollably at your foes.


Message History

Something hits you but does no damage.
Sonja shoots a curare-tipped needle.
The curare-tipped needle hits you. You block something's attack.
You miss something.
Something hits you but does no damage. x2
You hit something but do no damage. You tail-slap something.
Something hits you! Something hits you.
Sonja unwields an uncursed enchanted blowgun.
Sonja wields an uncursed dagger of distortion.
Its appearance distorts for a moment.
Sonja hits you with an uncursed dagger of distortion.
Space warps horribly around you! Sonja hits you but does no damage.
Space warps horribly around you!
* * * LOW HITPOINT WARNING * * *
Sonja hits you with an uncursed dagger of distortion.
* * * LOW HITPOINT WARNING * * *
Space bends around you.
* * * LOW HITPOINT WARNING * * *
Something hits you.
You die...
Xom laughs nastily!

** #.......# ,, *
#...?...# ,** #....... *
* * * #...... * ,,,
,,,,, ,, ....., *,,**
*** ***,.?.,, * ###
*##'# * * , #.# #K{#
,,,#.# #@## ***#.# #(#
####.#### #####'#######
........####...........#
...........#...........#
........##.#...........#
........##.#...........#
........##.'...........#
>.......####...........#


You could see Sonja.

Vanquished Creatures
  Erolcha (D:9)
  Psyche (D:8)
  Maurice (D:8)
  An eye of devastation (D:9)
  A gargoyle (D:9)
  A troll (D:10)
  5 slime creatures
  Prince Ribbit (D:8)
  2 hippogriffs
  Sigmund (D:2)
  4 yaks (D:9)
  Eustachio (D:5)
  2 black bears
  2 ice beasts
  2 sky beasts (D:9)
  2 phantoms
  5 ogres
  4 centaurs
  A crocodile (D:10)
  A big kobold (D:8)
  2 bullfrogs (D:8)
  2 scorpions
  3 killer bees (D:8)
  7 wights
  2 howler monkeys
  2 crimson imps
  3 centaur zombies
  5 hounds
  2 orc priests
  2 bullfrog zombies
  13 orc wizards
  A centaur skeleton (D:10)
  Terence (D:2)
  3 iguanas
  11 worker ants
  Ijyb (D:2)
  A hound skeleton (D:8)
  3 gnolls (D:4)
  A howler monkey skeleton (D:4)
  10 adders
  A shadow imp (D:7)
  An ooze (D:1)
  An adder zombie (D:9)
  An adder skeleton (D:5)
  4 worms
  3 dart slugs
  6 leopard geckos
  33 orcs
  10 bats
  7 giant cockroaches
  16 goblins
  10 hobgoblins
  18 jackals
  10 kobolds
  A quokka (D:3)
  A ball python (D:6)
  3 frilled lizards
  A jackal zombie (D:6)
  A quokka skeleton (D:5)
  4 rats
246 creatures vanquished.

Vanquished Creatures (collateral kills)
  A killer bee (D:8)
1 creature vanquished.

Vanquished Creatures (others)
  The ghost of Gitz the Skirmisher, an amateur DsBe of Trog (D:3)
  A phantom (D:9)
  A bullfrog (D:9)
  An orc (D:3)
4 creatures vanquished.

Grand Total: 251 creatures vanquished

Notes
Turn   | Place    | Note
-------+----------+-------------------------------------------
     0 | D:1      | Jerry the Draconian Chaos Knight began the quest for the Orb.
     0 | D:1      | Reached XP level 1. HP: 19/19 MP: 1/1
    38 | D:1      | Reached XP level 2. HP: 21/26 MP: 2/2
   319 | D:1      | XOM: harmless Pois miscast
   385 | D:1      | Reached XP level 3. HP: 29/33 MP: 3/3
   970 | D:2      | XOM: cast spell 'Call Canine Familiar'
  1086 | D:2      | XOM: cloud trail
  1112 | D:2      | XOM: harmless Ice miscast
  1268 | D:2      | Reached skill level 4 in Long Blades
  1306 | D:2      | Reached XP level 4. HP: 18/40 MP: 4/4
  1417 | D:2      | XOM: enchant monster (bad)
  1565 | D:2      | Noticed Ijyb
  1575 | D:2      | Killed Ijyb
  1809 | D:2      | Noticed Terence
  1818 | D:2      | Killed Terence
  1818 | D:2      | Reached XP level 5. HP: 42/46 MP: 2/5
  1868 | D:2      | Noticed Sigmund
  1907 | D:1      | XOM: harmless Necr miscast
  2192 | D:3      | XOM: potion effect (brilliance)
  2327 | D:3      | Noticed Gitz's ghost (amateur DsBe)
  2331 | D:3      | XOM: divination: detect creatures
  2347 | D:3      | Banished Gitz's ghost
  2347 | D:3      | Reached skill level 5 in Long Blades
  2347 | D:3      | Reached XP level 6. HP: 18/53 MP: 6/6
  2531 | D:2      | XOM: potion effect (might)
  2533 | D:2      | Killed Sigmund
  2533 | D:2      | Reached skill level 5 in Fighting
  2548 | D:3      | Found a shadowy altar of Dithmenos.
  2576 | D:3      | Reached skill level 6 in Long Blades
  2588 | D:3      | Your scales start taking on a lurid green colour.
  2588 | D:3      | Reached XP level 7. HP: 61/61 MP: 7/7
  2588 | D:3      | Gained mutation: Your system is resistant to poisons. (rPois) [Green Draconian growth]
  2687 | D:3      | XOM: harmless Erth miscast
  2742 | D:3      | XOM: divination: detect creatures
  2874 | D:3      | XOM: harmless Tmut miscast
  3000 | D:4      | XOM: mild Divn miscast
  3262 | D:4      | XOM: divination: detect items
  3274 | D:4      | Reached skill level 1 in Stealth
  3279 | D:4      | XOM: potion effect (heal wounds)
  3285 | D:4      | XOM: silly message
  3296 | D:4      | XOM: potion effect (heal wounds)
  3493 | D:4      | XOM: god gift: pair of boots {god gift}
  3624 | D:4      | XOM: silly message
  3684 | D:4      | Reached skill level 7 in Long Blades
  3952 | D:5      | Entered Level 5 of the Dungeon
  4031 | D:5      | Reached XP level 8. HP: 70/70 MP: 8/8
  4120 | D:5      | Noticed Eustachio
  4132 | D:5      | Killed Eustachio
  4185 | D:5      | Found a radiant altar of Vehumet.
  4214 | D:5      | XOM: harmless Pois miscast
  4241 | D:5      | Found a basalt altar of Yredelemnul.
  4247 | D:5      | XOM: harmless Ice miscast
  4444 | D:5      | Found Otumupu's Food Shop.
  4624 | D:5      | XOM: potion effect (agility)
  4773 | D:5      | Reached skill level 5 in Dodging
  4782 | D:5      | Learned a level 2 spell: Repel Missiles
  4899 | D:6      | XOM: potion effect (brilliance)
  4945 | D:5      | XOM: harmless Summ miscast
  4959 | D:6      | Reached skill level 8 in Long Blades
  4974 | D:6      | XOM: confusion (+ monsters)
  5122 | D:6      | Found a staircase to the Ecumenical Temple.
  5135 | D:6      | XOM: mild Ice miscast
  5186 | D:6      | XOM: cast spell 'Summon Small Mammal'
  5200 | D:6      | XOM: harmless Divn miscast
  5523 | D:6      | Reached XP level 9. HP: 74/78 MP: 9/9
  5736 | D:6      | Found a glowing silver altar of Zin.
  6540 | D:7      | XOM is BORED!
  6540 | D:7      | XOM: medium Summ miscast
  6541 | D:7      | Noticed a red devil
  6669 | D:7      | XOM: confuse monster(s)
  6798 | D:8      | Noticed Prince Ribbit
  6824 | D:8      | Killed Prince Ribbit
  6824 | D:8      | Reached skill level 9 in Long Blades
  7216 | D:8      | XOM: summons 3 friendly demons
  7409 | D:8      | Noticed Psyche
  7422 | D:8      | XOM: summons friendly white imp
  7432 | D:8      | Killed Psyche
  7622 | D:8      | Found a hide-covered altar of Uskayaw.
  7623 | D:8      | Noticed Maurice
  7627 | D:8      | Killed Maurice
  7627 | D:8      | Reached skill level 5 in Stealth
  7690 | D:8      | XOM: cast spell 'Death Channel'
  7851 | D:8      | Reached skill level 10 in Long Blades
  7956 | D:8      | Reached XP level 10. HP: 77/88 MP: 10/10
  8007 | D:8      | XOM: cast spell 'Statue Form'
  8054 | D:9      | Identified Xom's Almanac of the Onion (Xom gifted it to you on level 9 of the Dungeon)
  8054 | D:9      | XOM: god gift: Xom's Almanac of the Onion
  8083 | D:9      | Gained mutation: Your tail ends in a poisonous barb. [mutagenic meat]
  8084 | D:9      | Gained mutation: You have sharp toenails. [mutagenic meat]
  8085 | D:9      | Gained mutation: You occasionally shout uncontrollably at your foes. [mutagenic meat]
  8086 | D:9      | Gained mutation: You are frail. (-10% HP) [mutagenic meat]
  8109 | D:9      | XOM: blink monster(s)
  8118 | D:9      | XOM: confuse monster(s)
  8134 | D:9      | XOM: summons 3 friendly demons
  8429 | D:9      | Found an opulent altar of Gozag.
  8483 | D:9      | XOM: divination: detect items
  8825 | D:9      | XOM: blink monster(s)
  8846 | D:9      | Noticed a gargoyle
  8848 | D:9      | XOM: 1-stop teleportation journey
  8886 | D:9      | XOM: enchant monster (bad)
  8893 | D:9      | HP: 2/118 [Xom's lightning strike (50)]
  8893 | D:9      | XOM: divine lightning
  8894 | D:9      | Killed a gargoyle
  9255 | D:9      | XOM: silly message
  9260 | D:9      | XOM: confuse monster(s)
  9468 | D:9      | Noticed Erolcha
  9477 | D:9      | Killed Erolcha
  9477 | D:9      | Reached skill level 11 in Long Blades
  9679 | D:9      | XOM: blink monster(s)
  9745 | D:9      | Noticed an eye of devastation
  9745 | D:9      | a slime creature changed into an eye of devastation
  9745 | D:9      | XOM: polymorph slime creature -> eye of devastation
  9748 | D:9      | XOM: give mutations
  9748 | D:9      | Lost mutation: Your tail ends in a poisonous barb. [Xom's mischief]
  9748 | D:9      | Gained mutation: You are clumsy. (Dex -2) [Xom's mischief]
  9748 | D:9      | Gained mutation: You are dopey. (Int -2) [Xom's mischief]
  9748 | D:9      | Lost mutation: You are dopey. (Int -2) [Xom's mischief]
  9749 | D:9      | XOM: noise
  9754 | D:9      | XOM: destruction
 10068 | D:8      | XOM: enchant monster (good)
 10190 | D:8      | XOM: god gift: scroll of enchant weapon
 10277 | D:9      | Killed an eye of devastation
 10481 | D:10     | Entered Level 10 of the Dungeon
 10487 | D:10     | XOM: fog
 10495 | D:10     | Noticed Peloso's ghost (journeyman MiFi)
 10653 | D:10     | XOM: summons friendly white imp
 10696 | D:9      | XOM: divination: detect items
 11003 | D:9      | XOM: cloud trail
 11198 | D:10     | Reached XP level 11. HP: 87/87 MP: 11/11
 11209 | D:10     | XOM: mild Ice miscast
 11312 | D:10     | XOM: divination: magic mapping
 11416 | D:10     | XOM: cast spell 'Alistair's Intoxication'
 11417 | D:10     | XOM: enchant monster (bad)
 11422 | D:10     | XOM: potion effect (might)
 11523 | D:9      | XOM: god gift: fan of gales
 11563 | D:9      | XOM: scenery: create altars
 11737 | D:10     | XOM: divination: magic mapping
 11916 | D:10     | Noticed Sonja
 11932 | D:10     | HP: 4/87 [Sonja/uncursed dagger of distortion (4)]
 11932 | D:10     | Slain by an unseen horror

Skill      XL: |  1  2  3  4  5  6  7  8  9 10 |
---------------+-------------------------------+-----
Fighting       | 4 5 6 8 9 |  9.2
Long Blades    | 4 5 6 7 8 10 11 | 11.6
Dodging        | 3 4 5 6 7 |  7.5
Stealth        | 2 3 5 6 |  6.7

Action                   |  1- 3 |  4- 6 |  7- 9 | 10-12 || total
-------------------------+-------+-------+-------+-------++-------
Melee: Falchion          |   102 |   125 |   164 |    43 ||   434
       Tailslap          |    10 |    16 |    75 |    43 ||   144
       Dagger            |       |       |   351 |    64 ||   415
       Scimitar          |       |       |       |   142 ||   142
 Cast: Repel Missiles    |       |       |     2 |       ||     2
 Abil: Breathe Noxious F |       |       |     9 |     1 ||    10
Evoke: Wand              |       |       |     7 |     5 ||    12
  Use: Scroll            |       |       |    22 |    10 ||    32
       Potion            |       |       |       |     2 ||     2
 Stab: Sleeping          |       |       |     8 |     7 ||    15
       Confused          |       |       |     5 |     2 ||     7
       Petrified         |       |       |     2 |     3 ||     5
       Distracted        |       |       |     1 |       ||     1
       Petrifying        |       |       |       |     1 ||     1
  Eat: Chunk             |     1 |     5 |    19 |    14 ||    39
       Beef jerky        |       |       |       |     2 ||     2
Armor: Skin              |    30 |    29 |   128 |    45 ||   232
Dodge: Dodged            |    69 |    89 |   276 |   112 ||   546
       Deflected         |       |       |     4 |     1 ||     5
Block: Other             |       |       |    20 |    23 ||    43
       Reflection        |       |       |     1 |       ||     1
       Rpst.: Falchion   |    23 |    29 |    27 |     3 ||    82
       Scimitar          |       |       |       |    21 ||    21
